cohdb
Replays
Latest Replays
All Replays
Popular Replays
Top Player Replays
Match Explorer
How It Works
Community
CoH3 Stats
Reddit
Sign in to upload your games and track your stats! →
Sign in with Steam
Match 42195080
Unlisted
Match 42195080
Overview
Messages
Build Orders
End
Construct Infanterie Kompanie
Selects Mechanized Battlegroup
Grenadier Squad
Grenadier Squad
MG 42 Machine Gun Team
Medical Station
Construct Luftwaffe Kompanie
Jäger Squad
Jäger Squad
Selects Raid Package
221 Scout Car
Jäger Squad
Jäger Squad
Selects StuG Assault Group
Selects Mobile Repair Stations
Phoop
祸乱之炮手
Jd577
rnxodnd112
Freelancer
mr_fh0o0dy
Skippynofriends
Sexy League of Legends Player
0
0
Comments
sign in to comment!
No comments posted yet!